 Dungeon Sprint DCSS version 0.17-a0-1701-gf693a3f (webtiles) character file.

60536 Kidiri the Peltast (level 13, -2/125 HPs)
             Began as a Minotaur Fighter on Aug 21, 2015.
             Was a High Priest of Okawaru.
             Slain by an azure jelly (5 damage)
             ... in the Dungeon (Sprint III: "The Ten Rune Challenge").
             The game lasted 00:34:44 (7119 turns).

Kidiri the Peltast (Minotaur Fighter)               Turns: 7119, Time: 00:34:45

Health: -2/125     AC: 10    Str: 24    XL:     13   Next: 31%
Magic:  20/20      EV: 14    Int:  8    God:    Okawaru [*****.]
Gold:   2370       SH: 22    Dex: 10    Spells: 0 memorised, 12 levels left

rFire  x . .     SeeInvis +     b - +11 morningstar "Eos" {elec, -Tele rElec SInv}
rCold  + + .     Clarity  .     a - ice dragon hide
rNeg   . . .     SustAt   .     d - +0 large shield
rPois  .         Gourm    .     g - +1 hat {Int+3}
rElec  +         Spirit   .     n - +0 cloak
rCorr  .         Warding  .     (no gloves)
rMut   .         NoTele   +     (no boots)
MR     .....                    (no amulet)
Stlth  ..........               (no ring)
                                (no ring)

@: not resistant to hostile enchantments, extremely unstealthy
A: retaliatory headbutt, horns 2, regeneration 1, weak 1, evolution 1, no device
heal 1
a: Heroism, Finesse, Renounce Religion
}: 2/10 runes: decaying, barnacled


You were in the Dungeon.
You worshipped Okawaru.
Okawaru was extremely pleased with you.
You were not hungry.

You visited 1 branch You collected 3844 gold pieces.
You spent 1474 gold pieces at shops.

Inventory:

Hand weapons
 b - the +11 morningstar "Eos" (weapon) {elec, -Tele rElec SInv}
   (You bought it in a shop in the Dungeon)

   Occasionally, upon striking a foe, it will discharge some electrical energy
   and cause terrible harm.
   It insulates you from electricity.
   It lets you see invisible.
   It prevents most forms of teleportation.
Missiles
 c - 4 throwing nets (quivered)
Armour
 a - an ice dragon hide (worn)
 d - a +0 large shield (worn)
 g - a +1 hat of intelligence (worn)
 j - a +0 plate armour
 n - a +0 cloak (worn)
Scrolls
 k - a scroll of blinking
 q - 5 scrolls of remove curse
Potions
 i - 2 potions of magic
 l - a potion of cancellation
 r - 2 potions of cure mutation
 s - 2 potions of invisibility {unknown}
 v - 2 potions of flight
Comestibles
 f - 24 royal jellies
 h - 6 chunks of flesh


   Skills:
 + Level 14.8 Fighting
 * Level 19.3 Maces & Flails
 * Level 19.4 Armour
 + Level 13.4 Dodging
 * Level 19.4 Shields
 + Level 11.6 Invocations


You had 12 spell levels left.
You didn't know any spells.

Dungeon Overview and Level Annotations

Branches:
Dungeon (1/1)

Altars:
Cheibriados
Dithmenos
Elyvilon
Fedhas
Gozag
Kikubaaqudgha
Makhleb
Nemelex Xobeh
Okawaru
Qazlal
Ru
Sif Muna
Trog
Vehumet
Xom
Yredelemnul
Zin
The Shining One
Jiyva
Lugonu

Shops:
D =(!}?(:


Innate Abilities, Weirdness & Mutations

You reflexively headbutt those who attack you in melee.
You have a pair of horns on your head.
Your natural rate of healing is unusually fast.
You are weak. (Str -2)
You evolve.
Potions and wands are less effective at restoring your health.


Message History

Unknown command.
Read which item? (? for menu, Esc to quit)
You cannot teleport because you are wielding the +11 morningstar "Eos" {elec, -Tele rElec SInv}.
Unknown command.
You bludgeon the azure jelly!!
You headbutt the azure jelly, but do no damage.
The azure jelly is moderately wounded.
Unknown command.
You block the azure jelly's attack.
The azure jelly hits you but does no damage.
The azure jelly hits you!
* * * LOW HITPOINT WARNING * * *
You block the azure jelly's attack.
Unknown command.
You sock the azure jelly! Your headbutt misses the azure jelly.
The azure jelly is heavily wounded.
You block the azure jelly's attack. x2
The azure jelly hits you but does no damage.
The azure jelly hits you.
You die...

▓...+≈≈≈≈.≈§≈≈♣♣.....♣♣♣♣≈≈≈
▓...#≈..§§§≈≈.♣♣.≈≈≈≈'♣♣'♣≈≈
▓...#≈.≈§§§≈≈≈≈'.....#.≈♣♣♣♣
▓...#≈≈≈§≈§≈≈≈♣♣♣♣♣♣♣#..♣♣
▓..(#≈.≈≈≈.≈≈≈♣ ###+♣♣♣
▓##.####§#######♣ ♣♣♣♣.##.
▓......)§§....J.♣♣ ♣...##.#
▓#'#############'♣ ♣♣.##.##
▓...#≈.....@JJ...♣ ♣..#.##
▓...+≈≈...########♣♣ ♣♣.##.#
▓...#≈≈≈...........♣ ♣♣.##.#
▓...#≈≈≈≈..........♣ ♣.....#
#+#############+############
**,****** ▓..........PP▓
**,*,,,*** ▓≈≈P......P≈≈▓
**,,,,,,,** ▓≈≈≈PP..P.≈≈≈▓
**,,,,,,,,,** ▓≈≈≈≈≈..≈≈≈≈≈▓


You could see 2 azure jellies.

Vanquished Creatures
  Rupert (D)
  A kraken (D)
  Gastronok (D)
  An azure jelly (D)
  Maud (D)
  2 dire elephants (D)
  2 ice dragons (D)
  3 hydras (D)
  4 death yaks (D)
  2 alligator snapping turtles (D)
  An orc high priest (D)
  A deep elf knight (D)
  A spriggan druid (D)
  A death drake (D)
  A lindwurm (D)
  An orc knight (D)
  3 deep elf conjurers (D)
  2 black mambas (D)
  2 elephants (D)
  2 spiny frogs (D)
  A komodo dragon (D)
  A fire drake (D)
  A queen bee (D)
  3 wandering mushrooms (D)
  2 deep elf priests (D)
  8 blink frogs (D)
  4 snapping turtles (D)
  2 trapdoor spiders (D)
  2 spriggans (D)
  4 redbacks (D)
  A shadow (D)
  2 hill giants (D)
  A hydra simulacrum (D)
  A spatial vortex (D)
  A swamp drake (D)
  3 orc warriors (D)
  A necrophage (D)
  2 brain worms (D)
  3 two-headed ogres (D)
  A water elemental (D)
  32 killer bees (D)
  A jelly (D)
  Crazy Yiuf (D)
  3 orc priests (D)
  Jessica (D)
  A wizard (D)
  A necromancer (D)
  A kobold demonologist (D)
  3 humans (D)
  An ooze (D)
  2 swamp drake simulacra (D)
  9 orcs (D)
  2 rats (D)
  2 plants (D)
  2 tentacles (D)
139 creatures vanquished.

Vanquished Creatures (others)
  2 draconian scorchers (D)
  Erolcha (D)
  An ice dragon (D)
  3 yaktaurs (D)
  An electric eel (D)
  15 plants (D)
  6 tentacles (D)
  198 tentacle segments (D)
227 creatures vanquished.

Grand Total: 366 creatures vanquished

Notes
Turn   | Place    | Note
--------------------------------------------------------------
     0 | D        | Kidiri the Minotaur Fighter began the quest for the Orb.
     0 | D        | Reached XP level 1. HP: 19/19 MP: 0/0
    50 | D        | Killed a yaktaur
    97 | D        | Reached skill level 4 in Armour
    97 | D        | Reached skill level 1 in Dodging
   115 | D        | Noticed Jessica
   117 | D        | Killed a yaktaur
   122 | D        | Killed a yaktaur
   124 | D        | Killed Jessica
   124 | D        | Reached skill level 5 in Armour
   124 | D        | Reached skill level 5 in Shields
   124 | D        | Reached XP level 2. HP: 21/28 MP: 1/1
   124 | D        | Reached XP level 3. HP: 25/34 MP: 2/2
   272 | D        | Killed a white draconian scorcher
   279 | D        | Noticed Crazy Yiuf
   291 | D        | Killed Crazy Yiuf
   291 | D        | Reached skill level 5 in Fighting
   291 | D        | Reached skill level 5 in Maces & Flails
   291 | D        | Reached skill level 6 in Armour
   291 | D        | Reached XP level 4. HP: 26/42 MP: 3/3
   321 | D        | Gained mutation: You are clumsy. (Dex -2) [potion of mutation]
   321 | D        | Gained mutation: You evolve. [potion of mutation]
   322 | D        | Gained mutation: You are frail (-10% HP). [potion of mutation]
   322 | D        | Gained mutation: Your spells are a little harder to cast, but a little more powerful. [potion of mutation]
   322 | D        | Lost mutation: You are clumsy. (Dex -2) [potion of mutation]
   323 | D        | Gained mutation: Your body sometimes deteriorates upon taking damage. [potion of mutation]
   323 | D        | Gained mutation: You can translocate small distances at will. [potion of mutation]
   323 | D        | Lost mutation: You are frail (-10% HP). [potion of mutation]
   336 | D        | Killed a white draconian scorcher
   497 | D        | Noticed a water elemental
   513 | D        | HP: 2/42 [water elemental (2)]
   524 | D        | Killed a water elemental
   524 | D        | Reached skill level 7 in Armour
   524 | D        | Reached XP level 5. HP: 6/48 MP: 4/4
   805 | D        | Found an iron altar of Okawaru.
   805 | D        | Found a bloodstained altar of Trog.
   805 | D        | Noticed a human
   807 | D        | Noticed a human
   811 | D        | Lost mutation: Your body sometimes deteriorates upon taking damage. [potion of cure mutation]
   811 | D        | Lost mutation: Your spells are a little harder to cast, but a little more powerful. [potion of cure mutation]
   811 | D        | Lost mutation: You can translocate small distances at will. [potion of cure mutation]
   849 | D        | Killed a human
   849 | D        | Reached skill level 8 in Armour
   849 | D        | Reached XP level 6. HP: 17/58 MP: 5/5
   852 | D        | Killed a human
   852 | D        | Reached skill level 9 in Armour
   852 | D        | Reached skill level 5 in Dodging
  1068 | D        | Became a worshipper of Warmaster Okawaru
  1179 | D        | Found a glowing silver altar of Zin.
  1180 | D        | Found a glowing golden altar of the Shining One.
  1180 | D        | Found a white marble altar of Elyvilon.
  1180 | D        | Noticed a deep elf priest
  1186 | D        | Killed a deep elf priest
  1186 | D        | Acquired Okawaru's first power
  1186 | D        | Reached skill level 10 in Armour
  1186 | D        | Reached skill level 10 in Shields
  1186 | D        | Reached skill level 1 in Invocations
  1186 | D        | Reached XP level 7. HP: 66/66 MP: 5/7
  1212 | D        | Found a radiant altar of Vehumet.
  1212 | D        | Found a deep blue altar of Sif Muna.
  1212 | D        | Found an ancient bone altar of Kikubaaqudgha.
  1212 | D        | Noticed a wizard
  1225 | D        | Killed a wizard
  1422 | D        | Found a basalt altar of Yredelemnul.
  1422 | D        | Found a snail-covered altar of Cheibriados.
  1422 | D        | Found a blossoming altar of Fedhas.
  1422 | D        | Noticed a necrophage
  1422 | D        | Noticed a necromancer
  1424 | D        | Killed a necromancer
  1429 | D        | Killed a necrophage
  1429 | D        | Reached skill level 10 in Maces & Flails
  1505 | D        | Noticed a jelly
  1506 | D        | Noticed a shadow
  1526 | D        | Killed a shadow
  1530 | D        | Killed a jelly
  1693 | D        | Killed an electric eel
  1740 | D        | Found a stormy altar of Qazlal.
  1741 | D        | Noticed a spatial vortex
  1741 | D        | Found a sacrificial altar of Ru.
  1741 | D        | Found a burning altar of Makhleb.
  1741 | D        | Found a viscous altar of Jiyva.
  1741 | D        | Found a shimmering altar of Xom.
  1741 | D        | Found a shadowy altar of Dithmenos.
  1741 | D        | Found a sparkling altar of Nemelex Xobeh.
  1741 | D        | Found a corrupted altar of Lugonu.
  1741 | D        | Found an opulent altar of Gozag.
  1757 | D        | Killed a spatial vortex
  1757 | D        | Reached skill level 11 in Armour
  1757 | D        | Reached XP level 8. HP: 69/74 MP: 9/9
  1779 | D        | Noticed a two-headed ogre
  1779 | D        | Noticed a two-headed ogre
  1781 | D        | Noticed a two-headed ogre
  1789 | D        | Killed a two-headed ogre
  1797 | D        | Killed a two-headed ogre
  1806 | D        | Killed a two-headed ogre
  1884 | D        | Noticed a hill giant
  1894 | D        | Killed a hill giant
  2029 | D        | Noticed a hill giant
  2029 | D        | Noticed Erolcha
  2032 | D        | Paralysed by Erolcha for 5 turns
  2041 | D        | Killed Erolcha
  2041 | D        | Reached skill level 12 in Armour
  2041 | D        | Reached XP level 9. HP: 14/83 MP: 9/11
  2046 | D        | Killed a hill giant
  2047 | D        | Noticed a redback
  2047 | D        | Noticed a trapdoor spider
  2053 | D        | Killed a redback
  2053 | D        | Reached skill level 5 in Invocations
  2059 | D        | Killed a trapdoor spider
  2352 | D        | Noticed a trapdoor spider
  2359 | D        | Killed a trapdoor spider
  2389 | D        | Gained mutation: Your natural rate of healing is unusually fast. [evolution]
  2450 | D        | Noticed a killer bee
  2450 | D        | Noticed a killer bee
  2450 | D        | Noticed a queen bee
  2450 | D        | Noticed a killer bee
  2450 | D        | Noticed a killer bee
  2450 | D        | Noticed a killer bee
  2450 | D        | Noticed a killer bee
  2450 | D        | Noticed a killer bee
  2450 | D        | Noticed a killer bee
  2450 | D        | Noticed a killer bee
  2450 | D        | Noticed a killer bee
  2450 | D        | Noticed a killer bee
  2450 | D        | Noticed a killer bee
  2450 | D        | Noticed a killer bee
  2450 | D        | Noticed a killer bee
  2450 | D        | Noticed a killer bee
  2451 | D        | Noticed a killer bee
  2451 | D        | Noticed a killer bee
  2451 | D        | Noticed a killer bee
  2452 | D        | Noticed a killer bee
  2452 | D        | Noticed a killer bee
  2452 | D        | Killed a killer bee
  2453 | D        | Noticed a killer bee
  2453 | D        | Noticed a killer bee
  2453 | D        | Killed a killer bee
  2454 | D        | Noticed a killer bee
  2454 | D        | Noticed a killer bee
  2455 | D        | Noticed a killer bee
  2455 | D        | Noticed a killer bee
  2456 | D        | Killed a killer bee
  2462 | D        | Noticed a killer bee
  2463 | D        | Noticed a killer bee
  2464 | D        | Noticed a killer bee
  2465 | D        | Noticed a killer bee
  2468 | D        | Noticed a killer bee
  2468 | D        | Killed a killer bee
  2472 | D        | Killed a killer bee
  2481 | D        | Killed a killer bee
  2482 | D        | Noticed a killer bee
  2485 | D        | Killed a killer bee
  2485 | D        | Reached skill level 13 in Armour
  2489 | D        | Killed a killer bee
  2491 | D        | Killed a killer bee
  2491 | D        | Reached skill level 10 in Fighting
  2496 | D        | Killed a killer bee
  2503 | D        | Killed a killer bee
  2505 | D        | Killed a killer bee
  2512 | D        | Killed a killer bee
  2517 | D        | Killed a killer bee
  2531 | D        | Killed a killer bee
  2537 | D        | Killed a killer bee
  2539 | D        | Killed a killer bee
  2542 | D        | Killed a killer bee
  2543 | D        | Killed a killer bee
  2548 | D        | Killed a killer bee
  2551 | D        | Killed a killer bee
  2555 | D        | Killed a killer bee
  2558 | D        | Killed a killer bee
  2560 | D        | Killed a killer bee
  2562 | D        | Killed a killer bee
  2565 | D        | Killed a killer bee
  2570 | D        | Killed a killer bee
  2573 | D        | Killed a killer bee
  2581 | D        | Killed a killer bee
  2581 | D        | Reached XP level 10. HP: 78/94 MP: 13/13
  2585 | D        | Killed a killer bee
  2591 | D        | Killed a killer bee
  2592 | D        | Killed a killer bee
  2603 | D        | Killed a queen bee
  2893 | D        | Noticed a wandering mushroom
  2897 | D        | Noticed a wandering mushroom
  2900 | D        | Noticed a wandering mushroom
  2917 | D        | Killed a wandering mushroom
  2928 | D        | Killed a wandering mushroom
  2943 | D        | Killed a wandering mushroom
  2943 | D        | Reached skill level 14 in Armour
  2965 | D        | Noticed a spiny frog
  2965 | D        | Noticed a komodo dragon
  2965 | D        | Noticed a spiny frog
  2981 | D        | Killed a spiny frog
  2990 | D        | Killed a spiny frog
  3015 | D        | Killed a komodo dragon
  3155 | D        | Noticed a redback
  3159 | D        | Killed a redback
  3161 | D        | Noticed a brain worm
  3165 | D        | Killed a brain worm
  3168 | D        | Noticed a brain worm
  3171 | D        | Killed a brain worm
  3174 | D        | Noticed a lindwurm
  3184 | D        | Killed a lindwurm
  3184 | D        | Received a gift from Okawaru
  3218 | D        | Noticed a redback
  3221 | D        | Killed a redback
  3256 | D        | Noticed a redback
  3261 | D        | Killed a redback
  3450 | D        | Noticed Maud
  3469 | D        | Killed Maud
  3469 | D        | Reached skill level 15 in Armour
  3469 | D        | Reached skill level 10 in Dodging
  3469 | D        | Reached skill level 15 in Shields
  3469 | D        | Reached XP level 11. HP: 34/104 MP: 13/15
  3489 | D        | Gained mutation: Potions and wands are less effective at restoring your health. [potion of mutation]
  3489 | D        | Gained mutation: You are dopey. (Int -2) [potion of mutation]
  3529 | D        | Lost mutation: You are dopey. (Int -2) [evolution]
  3657 | D        | Noticed a swamp drake
  3657 | D        | Noticed a fire drake
  3659 | D        | Killed a swamp drake
  3661 | D        | Killed a fire drake
  3674 | D        | Noticed a blink frog
  3674 | D        | Noticed a blink frog
  3675 | D        | Noticed a blink frog
  3675 | D        | Noticed a blink frog
  3679 | D        | Killed a blink frog
  3679 | D        | Reached skill level 15 in Maces & Flails
  3680 | D        | Killed a blink frog
  3690 | D        | Killed a blink frog
  3696 | D        | Killed a blink frog
  3710 | D        | Noticed a blink frog
  3716 | D        | Killed a blink frog
  3830 | D        | Noticed Rupert
  3834 | D        | Paralysed by Rupert for 4 turns
  3868 | D        | Killed Rupert
  3868 | D        | Acquired Okawaru's second power
  3868 | D        | Reached skill level 16 in Armour
  4069 | D        | Noticed a death yak
  4070 | D        | Noticed a death yak
  4070 | D        | Noticed a blink frog
  4080 | D        | Killed a death yak
  4082 | D        | Noticed a death yak
  4084 | D        | Noticed a death yak
  4085 | D        | Noticed a blink frog
  4088 | D        | Killed a death yak
  4099 | D        | Killed a death yak
  4110 | D        | Killed a death yak
  4347 | D        | Killed a blink frog
  4367 | D        | Noticed a black mamba
  4367 | D        | Noticed a blink frog
  4374 | D        | Killed a black mamba
  4382 | D        | Noticed a black mamba
  4384 | D        | Killed a blink frog
  4395 | D        | Killed a black mamba
  4395 | D        | Received a gift from Okawaru
  4434 | D        | Noticed an azure jelly
  4434 | D        | Noticed an azure jelly
  4442 | D        | Killed a blink frog
  4500 | D        | Noticed a snapping turtle
  4514 | D        | Killed a snapping turtle
  4518 | D        | Noticed a kraken
  4520 | D        | Noticed a snapping turtle
  4536 | D        | Killed a kraken
  4536 | D        | Reached skill level 17 in Maces & Flails
  4536 | D        | Reached XP level 12. HP: 33/115 MP: 18/18
  4741 | D        | Killed a snapping turtle
  4746 | D        | Noticed an alligator snapping turtle
  4746 | D        | Noticed a snapping turtle
  4747 | D        | Noticed a snapping turtle
  4747 | D        | Found Begg's Distillery.
  4747 | D        | Found Tueruid's Antique Weapon Boutique.
  4747 | D        | Found Lecorowk's Jewellery Shoppe.
  4747 | D        | Noticed an alligator snapping turtle
  4796 | D        | Killed an alligator snapping turtle
  4925 | D        | Killed a snapping turtle
  4944 | D        | Killed an alligator snapping turtle
  4944 | D        | Reached skill level 10 in Invocations
  4954 | D        | Killed a snapping turtle
  5004 | D        | Got a barnacled rune of Zot
  5081 | D        | Noticed an azure jelly
  5081 | D        | Noticed an azure jelly
  5082 | D        | Noticed an elephant
  5082 | D        | Noticed an elephant
  5082 | D        | Noticed a dire elephant
  5082 | D        | Noticed a dire elephant
  5082 | D        | Noticed Gastronok
  5099 | D        | Killed a dire elephant
  5111 | D        | Killed a dire elephant
  5145 | D        | Killed Gastronok
  5145 | D        | Reached skill level 18 in Armour
  5272 | D        | Killed an elephant
  5288 | D        | Killed an elephant
  5367 | D        | Noticed an eight-headed hydra
  5367 | D        | Noticed a six-headed hydra
  5376 | D        | Killed an eight-headed hydra
  5376 | D        | Received a gift from Okawaru
  5382 | D        | Killed a six-headed hydra
  5432 | D        | Noticed a death drake
  5442 | D        | Killed a death drake
  5597 | D        | Found a blossoming altar of Fedhas.
  5597 | D        | Noticed a spriggan
  5597 | D        | Noticed a spriggan druid
  5597 | D        | Noticed a spriggan
  5603 | D        | Killed a spriggan
  5610 | D        | Killed a spriggan druid
  5619 | D        | Killed a spriggan
  5681 | D        | Noticed an ice dragon
  5684 | D        | Noticed an ice dragon
  5684 | D        | Noticed an ice dragon
  5693 | D        | Killed an ice dragon
  5701 | D        | Killed an ice dragon
  5720 | D        | Killed an ice dragon
  5720 | D        | Reached XP level 13. HP: 7/125 MP: 17/20
  6117 | D        | Found Pyer's Magic Scroll Emporium.
  6117 | D        | Found Wuegh's Antique Weapon Shop.
  6120 | D        | Found Uzxyff's Book Shoppe.
  6169 | D        | Noticed a five-headed hydra simulacrum
  6172 | D        | Killed a five-headed hydra simulacrum
  6177 | D        | Got a decaying rune of Zot
  6228 | D        | Noticed a seven-headed hydra
  6233 | D        | Killed a seven-headed hydra
  6334 | D        | Found Fakaot's Gadget Boutique.
  6334 | D        | Noticed an orc high priest
  6334 | D        | Noticed an orc warrior
  6336 | D        | Noticed an orc priest
  6336 | D        | Noticed an orc warrior
  6337 | D        | Noticed an orc knight
  6338 | D        | Noticed an orc priest
  6338 | D        | Noticed an orc warrior
  6338 | D        | Killed an orc warrior
  6343 | D        | Killed an orc high priest
  6343 | D        | Reached skill level 19 in Armour
  6360 | D        | Killed an orc warrior
  6362 | D        | Killed an orc knight
  6366 | D        | Killed an orc warrior
  6370 | D        | Killed an orc priest
  6376 | D        | Noticed an orc priest
  6380 | D        | Killed an orc priest
  6387 | D        | Killed an orc priest
  6605 | D        | Gained mutation: You are weak. (Str -2) [evolution]
  6734 | D        | Bought the +11 morningstar "Eos" {elec, -Tele rElec SInv} for 1474 gold pieces
  6886 | D        | Noticed a deep elf conjurer
  6886 | D        | Noticed a deep elf knight
  6886 | D        | Noticed a deep elf conjurer
  6886 | D        | Noticed a deep elf conjurer
  6886 | D        | Noticed a deep elf priest
  6890 | D        | Killed a deep elf conjurer
  6896 | D        | Noticed a deep elf annihilator
  6901 | D        | Killed a deep elf knight
  6902 | D        | Killed a deep elf conjurer
  6905 | D        | Killed a deep elf priest
  6906 | D        | Killed a deep elf conjurer
  6916 | D        | Noticed a deep elf annihilator
  6919 | D        | Noticed a deep elf death mage
  7100 | D        | Killed an azure jelly
  7118 | D        | HP: 3/125 [azure jelly (9)]
  7119 | D        | Slain by an azure jelly

Vault maps used:
D:        dungeon_sprint_mu

Action                   |  1- 3 |  4- 6 |  7- 9 | 10-12 | 13-15 || total
-------------------------+-------+-------+-------+-------+-------++-------
Melee: Flail             |    30 |    47 |   232 |   128 |       ||   437
       Eveningstar       |       |       |       |   330 |    60 ||   390
       Morningstar       |       |       |       |       |    18 ||    18
Throw: Throwing net      |       |       |       |     8 |       ||     8
Invok: Heroism           |       |       |     3 |    18 |     2 ||    23
       Finesse           |       |       |       |     5 |       ||     5
  Use: Scroll            |     1 |     2 |       |     3 |       ||     6
       Potion            |       |     8 |     1 |     4 |       ||    13
 Stab: Held in net/web   |       |       |       |     1 |       ||     1
  Eat: Bread ration      |       |     1 |     1 |     1 |       ||     3
       Chunk             |       |       |       |     2 |     2 ||     4
       Royal jelly       |       |       |       |     2 |       ||     2
       Fruit             |       |       |       |       |     6 ||     6
